 Dungeon Crawl Stone Soup version 0.25-a0-578-gc91f01c39c (webtiles) character file.

Game seed: 5808281815138062852, levelgen mode: deterministic

140 Amnesiac the Chucker (level 5, -1/48 HPs)
             Began as a Troll Hunter on Mar 7, 2020.
             Killed from afar by Sigmund (6 damage)
             ... with a magic dart
             ... on level 3 of the Dungeon.
             The game lasted 00:02:20 (1510 turns).

Amnesiac the Chucker (Troll Hunter)                 Turns: 1510, Time: 00:02:21

Health: -1/48      AC:  6    Str: 21    XL:     5   Next: 2%
Magic:  4/4        EV: 10    Int:  7    God:
Gold:   76         SH:  0    Dex: 10    Spells: 4/4 levels left

rFire    . . .     SeeInvis .   a - +3 dagger (venom)
rCold    . . .     Gourm    +   (no shield)
rNeg     . . .     Faith    .   b - +0 robe
rPois    +         Spirit   .   (helmet restricted)
rElec    .         Reflect  .   (no cloak)
rCorr    .         Harm     .   (gloves unavailable)
MR       .....                  (boots unavailable)
Stlth    +.........             (no amulet)
HPRegen  0.56/turn              s - ring of poison resistance
MPRegen  0.09/turn              (no ring)

@: no status effects
A: large, unfitting armour, claws 3, fast metabolism 3, gourmand, regeneration
1, shaggy fur 1, tough skin 3
a: no special abilities


You were on level 3 of the Dungeon.
You were very full.

You visited 1 branch of the dungeon, and saw 3 of its levels.

You collected 76 gold pieces.

Inventory:

Hand Weapons
 a - a +3 dagger of venom (weapon)
Missiles
 c - 5 large rocks (quivered)
 d - 2 throwing nets
 e - 9 boomerangs
 g - 47 stones
 l - 25 sling bullets
 u - 11 poisoned darts
Armour
 b - a +0 robe (worn)
Jewellery
 s - a ring of poison resistance (left claw)
Scrolls
 i - 2 scrolls of teleportation {!r, unknown}
 j - 3 scrolls of enchant weapon {!r, unknown}
 m - 2 scrolls of remove curse {!r, unknown}
 n - 4 scrolls of identify {!r, unknown}
 v - a scroll of enchant armour {!r, unknown}
Potions
 h - 2 potions of curing {!q, unknown}
 k - a potion of brilliance {!q, unknown}
 p - a potion of berserk rage {!q, unknown}
 q - 2 potions of heal wounds {!q, unknown}
 r - a potion of mutation {!q, unknown}
 t - a potion of magic {!q, unknown}
Comestibles
 f - 8 rations


   Skills:
 - Level 1.5 Fighting
 + Level 5.8 Throwing
 - Level 1.5 Dodging
 - Level 0.3 Stealth


You had 4 spell levels left.
You didn't know any spells.
Your spell library was empty.

Dungeon Overview and Level Annotations

Branches:
Dungeon (3/15)

Altars:

Annotations:
D:3 Sigmund


Innate Abilities, Weirdness & Mutations

You are too large for most types of armour.
You have claws for hands.
Your metabolism is lightning-fast.
You like to eat raw meat.
Your natural rate of healing is unusually fast.
You are covered in fur. (AC +1)
You have extremely tough skin. (AC +3)


Message History

You see here a poisoned dart.
You feel sick.
The kobold throws a poisoned dart.
The poisoned dart hits you!
You hit the kobold.
You kill the kobold!
You have reached level 5!
You feel sick.
You see here 4 poisoned darts.
You hit the frilled lizard.
You kill the frilled lizard!
You feel sick. The hobgoblin closely misses you.
You barely miss the hobgoblin.
The hobgoblin hits you but does no damage.
You hit the hobgoblin but do no damage.
The hobgoblin is poisoned.
You feel sick. The hobgoblin closely misses you.
You barely miss the hobgoblin. The hobgoblin barely misses you.
You barely miss the hobgoblin.
The hobgoblin hits you but does no damage.
You hit the hobgoblin but do no damage.
The hobgoblin looks as sick as possible!
You feel sick.
Sigmund appears from thin air!
Reactivating autopickup.
The hobgoblin hits you but does no damage.
You barely miss the hobgoblin.
The hobgoblin is almost dead.
You kill the hobgoblin!
You barely miss the hobgoblin. The hobgoblin misses you.
Sigmund closely misses you.
You closely miss the hobgoblin. The hobgoblin closely misses you.
You closely miss the hobgoblin.
You feel sick.
Sigmund mumbles some strange words.
Sigmund flickers and vanishes!
Deactivating autopickup; reactivate with Ctrl-A.
The hobgoblin hits you but does no damage.
You hit the hobgoblin.
The hobgoblin is poisoned.
The hobgoblin is heavily wounded.
Something hits you.
You barely miss the hobgoblin.
The hobgoblin is heavily wounded.
The hobgoblin closely misses you. Something hits you.
You hit the hobgoblin.
You kill the hobgoblin!
You feel sick.
You hear some strange, mumbled words.
A magic dart appears from out of thin air!
The magic dart hits you.
Things that are here:
a +0 club; a hobgoblin corpse You miss something.
Something hits you.
* * * LOW HITPOINT WARNING * * *
x2 You barely miss something.
You hear some strange, mumbled words.
A magic dart appears from out of thin air!
The magic dart hits you.
* * * LOW HITPOINT WARNING * * *
You barely miss something. Something hits you!
* * * LOW HITPOINT WARNING * * *
x2 You hit something but do no damage.
You feel sick.
You are no longer poisoned.
You barely miss something.
You hear some strange, mumbled words.
A magic dart appears from out of thin air!
The magic dart hits you.
You die...

###### #...#. ......##
.#....r####
..#..{l...#############
#......##†..wrl{@.(...#
...#...##############.#
.......######
.#....g.....##
#...#........#
.r#....####..# .......#
... .......# . ##.#...#


You could see a dart slug, a frilled lizard and a rat.

Vanquished Creatures
  Jessica (D:3)
  Robin (D:2)
  4 adders
  A dart slug (D:2)
  2 leopard geckos (D:2)
  15 hobgoblins
  3 jackals (D:2)
  A ball python (D:2)
  11 bats
  3 frilled lizards
  9 goblins
  5 kobolds
  6 rats
62 creatures vanquished.

Notes
Turn   | Place    | Note
-------+----------+-------------------------------------------
     0 | D:1      | Amnesiac the Troll Hunter began the quest for the Orb.
     0 | D:1      | Reached XP level 1. HP: 19/19 MP: 0/0
    76 | D:1      | Reached skill level 4 in Throwing
   115 | D:1      | Reached XP level 2. HP: 27/27 MP: 1/1
   746 | D:2      | Noticed Robin
   751 | D:2      | Reached XP level 3. HP: 33/33 MP: 2/2
   766 | D:2      | Killed Robin
   812 | D:2      | Reached skill level 5 in Throwing
  1067 | D:2      | Reached XP level 4. HP: 41/41 MP: 3/3
  1461 | D:3      | Noticed Jessica
  1463 | D:3      | Noticed Sigmund
  1478 | D:3      | Killed Jessica
  1489 | D:3      | Reached XP level 5. HP: 43/48 MP: 4/4
  1510 | D:3      | Killed from afar by Sigmund

Levels and vault maps discovered:
D:1:      dpeg_arrival_rooms_with_view, layout_basic, nrook_uturn
D:2:      minmay_inner_zag, layout_basic, uniq_robin
D:3:      layout_loops_ring, minmay_increasing_density, uniq_sigmund,
          uniq_grinder, uniq_crazy_yiuf_cottage, uniq_jessica

Skill      XL: |  1  2  3 |
---------------+----------+-----
Throwing       | 4 5 |  5.8
Fighting       | |  1.5
Dodging        | |  1.5
Stealth        | |  0.3

Action                   |  1- 3 |  4- 6 || total
-------------------------+-------+-------++-------
Melee: Whip              |    18 |       ||    18
       Short sword       |     1 |       ||     1
       Dagger            |    88 |    55 ||   143
 Stab: Sleeping          |     2 |       ||     2
  Eat: Chunk             |    15 |     4 ||    19
Armor: Robe              |    61 |    20 ||    81
Dodge: Dodged            |    60 |    23 ||    83

Table legend:
 A = Non-vault XP
 B = Vault XP
 C = Vault XP percentage of total XP
 D = Non-vault monster count
 E = Vault monster count
 F = Vault count percentage of total count
                 A         B        C        D         E       F
            +---------+---------+-------+---------+---------+-------
      Total |     109 |      92 |  45.8 |      44 |      18 |  29.0
            +---------+---------+-------+---------+---------+-------
        D:1 |      36 |       4 |  10.0 |      24 |       2 |   7.7
        D:2 |      67 |      37 |  35.6 |      16 |      13 |  44.8
        D:3 |       6 |      51 |  89.5 |       4 |       3 |  42.9
            +---------+---------+-------+---------+---------+-------
